 Dungeon Crawl Stone Soup version 0.31-b1-12-gca42e3d1b8 (webtiles) character file.

Game seed: 6587589627513004324

170 Arctor the Ruffian (level 5, -3/41 HPs)
             Began as a Gnoll Shapeshifter on Jan 15, 2024.
             Incinerated by a bombardier beetle (5 damage)
             ... with a burning spray
             ... on level 4 of the Dungeon.
             The game lasted 00:02:27 (2254 turns).

Arctor the Ruffian (Gnoll Shapeshifter)             Turns: 2254, Time: 00:02:28

Health: -3/41      AC:  2    Str: 16    XL:     5   Next: 50%
Magic:  16/16      EV: 13    Int:  9    God:
Gold:   132        SH:  0    Dex: 11    Spells: 5/7 levels left

rFire   . .          .
                       - Unarmed
rCold   . . .        (no shield)
rNeg    . . .        a - +0 animal skin
rPois   .            (helmet currently unavailable)
rElec   .            (cloak currently unavailable)
rCorr   .            (gloves currently unavailable)
SInv    .            (boots currently unavailable)
Will    .....        (no amulet)
Stlth   +            b - ring of magical power
HPRegen 0.26/turn    (no ring)
MPRegen 0.15/turn

%: no passive effects
@: on fire, beast-form, attractive, glowing
A: beast (slay +3), fangs 1, strong nose, distributed training
a: Begin Untransformation


You were on level 4 of the Dungeon.
You were a hulking beast.
You visited 1 branch of the dungeon, and saw 4 of its levels.

You collected 132 gold pieces.

Inventory:

Armour
 a - a +0 animal skin (worn)
 q - a +0 plate armour
Magical Staves
 n - a staff of death
Jewellery
 b - a ring of magical power (left hand)
Talismans
 c - a beast talisman
 d - a flux talisman
Scrolls
 e - 2 scrolls of noise {unknown}
 f - a scroll of enchant armour {unknown}
 h - a scroll of revelation {unknown}
 i - a scroll of identify {unknown}
 k - a scroll of amnesia {unknown}
 l - a scroll of enchant weapon {unknown}
 o - 2 scrolls of teleportation {unknown}
 p - a scroll of fog {unknown}
Potions
 j - a potion of heal wounds {unknown}
 m - a potion of curing {unknown}


   Skills:
 + Level 3.0 Fighting
 + Level 1.6 Short Blades
 + Level 1.6 Long Blades
 + Level 1.6 Axes
 + Level 1.6 Maces & Flails
 + Level 1.6 Polearms
 + Level 1.6 Staves
 + Level 1.6 Ranged Weapons
 + Level 1.6 Throwing
 + Level 1.6 Armour
 + Level 4.8 Dodging
 + Level 1.6 Stealth
 + Level 1.6 Shields
 + Level 6.7 Unarmed Combat
 + Level 1.6 Spellcasting
 + Level 1.2 Conjurations
 + Level 1.2 Hexes
 + Level 1.2 Summonings
 + Level 1.2 Necromancy
 + Level 1.2 Translocations
 + Level 1.2 Fire Magic
 + Level 1.2 Ice Magic
 + Level 1.2 Air Magic
 + Level 1.2 Earth Magic
 + Level 1.2 Alchemy
 + Level 1.8 Invocations
 + Level 1.6 Evocations
 + Level 6.6 Shapeshifting


You had 5 spell levels left.
You knew the following spells:

 Your Spells              Type           Power      Damage    Failure   Level
a - Sublimation of Blood  Necr           3%         N/A       30%         2

Your spell library contained the following spells:

 Spells                   Type           Power      Damage    Failure   Level
 Freeze                   Ice            12%        1d3       21%         1
 Frozen Ramparts          Ice            6%         1d1       52%         3
 Hailstorm                Conj/Ice       3%         3d5       52%         3
 Petrify                  Alch/Erth      3%         N/A       90%         4
 Irradiate                Conj/Alch      1%         3d12      99%         5


Dungeon Overview and Level Annotations

Branches:
Dungeon (4/15)
 Temple: D:4-7

Altars:


Innate Abilities, Weirdness & Mutations

You are a hulking beast.
Your limbs bulge with bestial killing power. (Slay +3)
You have very sharp teeth.
Your uncanny sense of smell can sniff out nearby items.
Your experience applies equally to all skills.


Message History

The liquid fire burns you!
You barely miss the bombardier beetle. The liquid fire burns you!
You barely miss the bombardier beetle. You punch the bombardier beetle!
The bombardier beetle is heavily wounded.
The liquid fire burns you! The bombardier beetle bites you.
You hit the bombardier beetle.
The bombardier beetle is severely wounded.
The liquid fire burns you!
You are too injured to fight recklessly!
Unknown command.
You closely miss the bombardier beetle.
The bombardier beetle is severely wounded.
The liquid fire burns you! The bombardier beetle bites you.
You hit the bombardier beetle. You punch the bombardier beetle.
You kill the bombardier beetle!
The liquid fire burns you!
* * * LOW HITPOINT WARNING * * *
Unknown command.
You are on fire!
You are on fire!
You are too injured to fight recklessly!
You are on fire!
You are too injured to fight recklessly!
You are on fire!
You are too injured to fight recklessly!
You are on fire!
You are on fire!
The liquid fire burns you!
* * * LOW HITPOINT WARNING * * *
The liquid fire burns you!
* * * LOW HITPOINT WARNING * * *
The liquid fire burns you!
* * * LOW HITPOINT WARNING * * *
It was a potion of attraction.
You feel attractive to monsters. The liquid fire burns you!
You die...

.##### ....#
..... ## ... ..
.. ... ... #.
#.# #
#..##.##†##.# .
........h...#.#
.......#.##...#
..##.....##.###
.............#
..........##....
.....#.<#..# ..
.....#.##.....
....... .#.##.
...<.# .#.#


There were no monsters in sight!

Vanquished Creatures
  A bombardier beetle (D:4)
  Robin (D:2)
  4 adders
  A river rat (D:3)
  2 ufetubi (D:3)
  2 dart slugs (D:1)
  3 ball pythons
  4 endoplasms
  6 giant cockroaches
  16 goblins
  5 hobgoblins
  6 jackals
  2 kobolds (D:1)
  2 quokkas
  5 bats
  6 rats
66 creatures vanquished.

Notes
Turn   | Place    | Note
-------+----------+-------------------------------------------
     0 | D:1      | Arctor the Gnoll Shapeshifter began the quest for the Orb.
     0 | D:1      | Reached XP level 1. HP: 17/17 MP: 1/1
    92 | D:1      | Reached XP level 2. HP: 23/23 MP: 2/2
   252 | D:1      | Reached XP level 3. HP: 28/28 MP: 3/3
   708 | D:2      | Noticed Robin
   715 | D:2      | Killed Robin
   716 | D:2      | Reached skill level 1 in Invocations
   719 | D:2      | Reached skill level 1 in Short Blades
   719 | D:2      | Reached skill level 1 in Long Blades
   719 | D:2      | Reached skill level 1 in Axes
   719 | D:2      | Reached skill level 1 in Maces & Flails
   719 | D:2      | Reached skill level 1 in Polearms
   719 | D:2      | Reached skill level 1 in Staves
   719 | D:2      | Reached skill level 1 in Ranged Weapons
   719 | D:2      | Reached skill level 1 in Throwing
   719 | D:2      | Reached skill level 1 in Armour
   719 | D:2      | Reached skill level 1 in Stealth
   719 | D:2      | Reached skill level 1 in Shields
   719 | D:2      | Reached skill level 1 in Spellcasting
   719 | D:2      | Reached skill level 1 in Evocations
   733 | D:2      | Reached XP level 4. HP: 32/34 MP: 5/5
   758 | D:2      | Reached skill level 1 in Conjurations
   758 | D:2      | Reached skill level 1 in Hexes
   758 | D:2      | Reached skill level 1 in Summonings
   758 | D:2      | Reached skill level 1 in Necromancy
   758 | D:2      | Reached skill level 1 in Translocations
   758 | D:2      | Reached skill level 1 in Fire Magic
   758 | D:2      | Reached skill level 1 in Ice Magic
   758 | D:2      | Reached skill level 1 in Air Magic
   758 | D:2      | Reached skill level 1 in Earth Magic
   758 | D:2      | Reached skill level 1 in Alchemy
  1418 | D:3      | Learned a level 2 spell: Sublimation of Blood
  1552 | D:3      | Reached XP level 5. HP: 20/40 MP: 7/7
  1557 | D:3      | HP: 2/40 [ufetubus (5)]
  2253 | D:4      | HP: 2/41 [burnt (4)]
  2254 | D:4      | Incinerated by a bombardier beetle

Illustrated notes

Levels and vault maps discovered:
D:1:      dpeg_arrival_subterranean_lakeside_camping, layout_basic,
          serial_bayou_pond_b, chequers_serial_rivers_small_b,
          minmay_tetromino_i4
D:2:      layout_basic, minmay_diced_spiral, uniq_robin
D:3:      layout_basic, gup_sewer_entry_bowl, bh_walls_and_bars
D:4:      layout_rooms, tgw_fedhas, ebering_ghost_gozag, serial_shops,
          nicolae_shop_window_shopping, mrwooster_statue_mirror,
          hangedman_abyss_or_decor_lesser_grid,
          serial_library_regret_index_multi, chequers_garden,
          hangedman_decor_diamond_cutter

Skill      XL: |  1  2  3  4  5 |
---------------+----------------+-----
Invocations    | 1 |  1.8
Short Blades   | 1 |  1.6
Long Blades    | 1 |  1.6
Axes           | 1 |  1.6
Maces & Flails | 1 |  1.6
Polearms       | 1 |  1.6
Staves         | 1 |  1.6
Ranged Weapons | 1 |  1.6
Throwing       | 1 |  1.6
Armour         | 1 |  1.6
Stealth        | 1 |  1.6
Shields        | 1 |  1.6
Spellcasting   | 1 |  1.6
Evocations     | 1 |  1.6
Conjurations   | 1 |  1.2
Hexes          | 1 |  1.2
Summonings     | 1 |  1.2
Necromancy     | 1 |  1.2
Translocations | 1 |  1.2
Fire Magic     | 1 |  1.2
Ice Magic      | 1 |  1.2
Air Magic      | 1 |  1.2
Earth Magic    | 1 |  1.2
Alchemy        | 1 |  1.2
Fighting       | 3 |  3.0
Dodging        | |  4.8
Unarmed Combat | |  6.7
Shapeshifting  | |  6.6

Action                     |  1- 3 |  4- 6 || total
---------------------------+-------+-------++-------
  Melee: Unarmed           |    67 |   104 ||   171
         Bite              |     3 |     6 ||     9
         Punch             |     1 |     6 ||     7
    Use: Potion            |     1 |     1 ||     2
   Stab: Sleeping          |       |     1 ||     1
 Armour: Animal skin       |    17 |    56 ||    73
         Skin              |    21 |    11 ||    32
  Dodge: Dodged            |    35 |    64 ||    99
